AoeStats
← Emperor Walrus

MegaRandom

504266175Analyzed
3v3 RM · 29d ago on Sep 4, 2026· 46m 39s· 6 players
Game mode
Random Map
Map size
Normal (6 player)
Population
200
Speed
Normal
Resources
Standard
Victory
Conquest
Starting age
Dark Age
Ending age
Imperial Age
RankedLock teamsTeams togetherTeam positionsShared explorationLock speedFull tech treeHidden civsTurbo modeCheats
Victory
Defeat
🇨🇦 Malians · Canada
948
+13
🇨🇳 Mongols · China
944
+13
🇩🇪 Bulgarians · Germany
909
+15
🇨🇿 Burgundians · Czechia
941
-17
🇳🇴 Byzantines · Norway
875
-13
🇨🇿 Huns · Czechia
827
-22
Fotzi der Klumpen
11:06 Feudal Age
9:24 Loom
13:10 Double-Bit Axe
13:09 Horse Collar
16:55 Arson
19:12 Wheelbarrow
20:38 Scale Mail Armor
23:00 Castle Age
20:49 Town Watch
24:44 Gold Mining
25:42 Husbandry
26:41 Scale Barding Armor
30:06 Wheelbarrow
29:18 Fishing Lines
31:26 Hand Cart
32:54 Bow Saw
33:14 Heavy Plow
33:55 Chain Barding Armor
36:49 Town Patrol
37:17 Fletching
38:41 Stone Mining
39:26 Gold Shaft Mining
42:05 Imperial Age
40:43 Bodkin Arrow
41:26 Stirrups
43:27 Conscription
42:28 Elite Konnik
810345338
8:46 Loom
11:18 Feudal Age
20:16 Castle Age
18:16 Double-Bit Axe
19:38 Gold Mining
20:57 Fletching
21:50 Wheelbarrow
21:59 Horse Collar
23:08 Bodkin Arrow
24:46 Bow Saw
26:13 Heavy Plow
27:26 Husbandry
30:16 Bloodlines
30:10 Stone Mining
33:20 Padded Archer Armor
35:37 Thumb Ring
35:54 Ballistics
38:53 Leather Archer Armor
41:13 Imperial Age
41:48 Hand Cart
42:54 Conscription
42:38 Bracer
43:42 Chemistry
42:40 Elite Mangudai
dasorux
12:55 Feudal Age
17:17 Castle Age
15:11 Double-Bit Axe
16:37 Man-at-Arms
21:34 Loom
27:34 Long Swordsman
29:08 Tigui
29:31 Horse Collar
31:37 Fletching
36:21 Imperial Age
33:50 Pikeman
38:44 Heavy Plow
39:28 Bodkin Arrow
39:45 Forging
39:37 Scale Mail Armor
43:23 Wheelbarrow
42:43 Town Watch
43:43 Squires
43:28 Arson
46:15 Conscription
46:54 Hand Cart
46:40 Town Patrol
LG
5:57 Loom
14:03 Feudal Age
15:30 Double-Bit Axe
15:35 Horse Collar
16:52 Man-at-Arms
18:15 Forging
23:25 Castle Age
28:13 Bow Saw
27:56 Stone Mining
31:58 Medium Warships
32:03 Husbandry
33:38 Wheelbarrow
35:41 Fletching
36:10 Bloodlines
44:25 Imperial Age
42:11 Hand Cart
42:47 Gold Mining
42:56 Bodkin Arrow
43:02 Padded Archer Armor
43:13 Forging
44:44 Scale Barding Armor
45:38 Cavalier
kubapet
10:35 Loom
13:01 Feudal Age
14:48 Horse Collar
16:44 Double-Bit Axe
20:52 Forging
20:34 Fletching
25:56 Castle Age
28:25 Elite Skirmisher
32:19 Medium Warships
43:26 Imperial Age
45:59 Iron Casting
45:19 Bodkin Arrow
45:25 Padded Archer Armor
45:26 Scale Mail Armor
Emperor Walrus
0:29 Loom
1:19 Wheelbarrow
9:55 Loom
12:42 Feudal Age
15:13 Double-Bit Axe
19:51 Scale Barding Armor
23:07 Horse Collar
30:20 Castle Age
30:46 Forging
31:05 Husbandry
31:39 Cavalier
35:08 Chain Barding Armor
35:24 Iron Casting
Connection lost

Rejoining the realm…

Still unreachable

The connection could not be restored.

Session expired

The server has moved on; the page needs a fresh start.